 Dungeon Crawl Stone Soup version 0.25-b1-23-ge2ad7d536c (webtiles) character file.

Game seed: 1742289015016960209, levelgen mode: deterministic

2121 HoaS the Grappler (level 9, -2/59 HPs)
             Began as a Gargoyle Gladiator on June 2, 2020.
             Slain by an orc warrior
             ... wielding a +0 trident
              (16 damage)
             ... on level 7 of the Dungeon.
             The game lasted 00:27:24 (7503 turns).

HoaS the Grappler (Gargoyle Gladiator)              Turns: 7503, Time: 00:27:25

Health: -2/59      AC: 18    Str: 21    XL:     9   Next: 29%
Magic:  9/9        EV:  6    Int:  9    God:
Gold:   89         SH:  0    Dex: 11    Spells: 8/8 levels left

rFire    . . .     SeeInvis +     - Unarmed
rCold    . . .     Gourm    .   (no shield)
rNeg     + . .     Faith    .   o - +0 plate armour
rPois    ∞         Spirit   .   b - +1 helmet
rElec    +         Reflect  .   (no cloak)
rCorr    .         Harm     .   (no gloves)
MR       +....                  (no boots)
Stlth    ..........             (no amulet)
HPRegen  0.19/turn              k - ring of see invisible
MPRegen  0.11/turn              D - ring of protection from magic

@: no status effects
A: negative energy resistance 1, electricity resistance, unbreathing,
petrification resistance, rot immunity, AC +6
a: no special abilities


You were on level 7 of the Dungeon.
You were not hungry.

You visited 1 branch of the dungeon, and saw 7 of its levels.

You collected 364 gold pieces.
You spent 275 gold pieces at shops.

Inventory:

Missiles
 c - 3 throwing nets (quivered)
 h - 3 javelins
 p - 21 poisoned darts
 t - 12 atropa-tipped darts
Armour
 b - a +1 helmet (worn)
 o - a +0 plate armour (worn)
Jewellery
 k - a ring of see invisible (left hand)
 D - a ring of protection from magic (right hand)
Wands
 q - a wand of clouds (3)
 y - a wand of acid (9)
 C - a wand of paralysis (7)
Scrolls
 f - a scroll of identify
 g - 3 scrolls of teleportation
 l - a scroll of magic mapping
 A - a scroll of enchant armour
Potions
 a - 2 potions of heal wounds
 e - 4 potions of curing
 i - 2 potions of lignification
 j - 3 potions of resistance {unknown}
 m - 2 potions of haste {unknown}
 n - 2 potions of invisibility {unknown}
 s - 2 potions of berserk rage {unknown}
 u - 2 potions of might {unknown}
 v - a potion of flight {unknown}
 x - a potion of degeneration {unknown}
 B - a potion of mutation {unknown}
Comestibles
 d - 12 rations
 z - 5 chunks of flesh


   Skills:
 + Level 7.8 Fighting
 - Level 1.7 Throwing
 - Level 2.4 Dodging
 * Level 10.2 Unarmed Combat


You had 8 spell levels left.
You didn't know any spells.
Your spell library was empty.

Dungeon Overview and Level Annotations

Branches:
Dungeon (7/15)
 Temple: D:4-7

Altars:
Fedhas
Gozag
Nemelex Xobeh
Qazlal
Ru
Uskayaw
Wu Jian
Xom
Yredelemnul

Shops:
D:5 [   D:6 =


Innate Abilities, Weirdness & Mutations

You are resistant to torment.
Your stone body is resilient. (AC +6)
You are immune to poison.
You resist negative energy. (rN+)
You are resistant to electric shocks. (rElec)
You can survive without breathing.
You are immune to petrification.
You are immune to rotting.


Message History

The orc hits you but does no damage.
The orc warrior hits you with a +0 trident.
You hit the orc warrior but do no damage.
The orc warrior is lightly wounded.
The orc hits you but does no damage.
The orc warrior hits you with a +0 trident.
* * * LOW HITPOINT WARNING * * *
Your plate armour prevents you from hitting the orc warrior.
The orc warrior is lightly wounded.
You closely miss the orc warrior.
The orc warrior is lightly wounded.
The orc hits you but does no damage.
The orc warrior hits you but does no damage.
You punch the orc warrior!
The orc warrior is moderately wounded.
The orc hits you but does no damage. The orc warrior completely misses you.
Your plate armour prevents you from hitting the orc warrior.
The orc warrior is moderately wounded.
The orc warrior hits you with a +0 trident!
You die...

.o.... ........
........ .......#
.......# .....#.#
.......###### .
#oo....# ..
#@####.# #.###.# #
. #.....## .# ..
#......# .# ...
#....###.###.#....
######>...........
#.#.#........
#.#.#)##.#+## #
#.#)÷# #


You could see an orc warrior and an orc.

Vanquished Creatures
  Grinder (D:4)
  A sky beast (D:5)
  A phantom (D:4)
  A bullfrog (D:6)
  A gnoll sergeant (D:2)
  A scorpion (D:5)
  4 electric eels (D:6)
  2 crimson imps
  2 bullfrog zombies (D:6)
  3 gnoll shamans
  2 hounds
  6 orc priests
  4 orc wizards
  A centaur skeleton (D:5)
  A jelly (D:7)
  Terence (D:2)
  2 worker ants
  A hound skeleton (D:4)
  54 gnolls
  3 adders
  2 shadow imps (D:6)
  An ooze (D:2)
  An adder skeleton (D:6)
  3 dart slugs (D:2)
  9 leopard geckos
  13 orcs
  3 ball pythons
  10 giant cockroaches
  9 goblins
  5 hobgoblins
  20 jackals
  A quokka (D:3)
  6 bats
  3 frilled lizards
  13 kobolds
  A quokka skeleton (D:2)
  4 rats
196 creatures vanquished.

Notes
Turn   | Place    | Note
-------+----------+-------------------------------------------
     0 | D:1      | HoaS the Gargoyle Gladiator began the quest for the Orb.
     0 | D:1      | Reached XP level 1. HP: 12/12 MP: 1/1
   259 | D:1      | Reached XP level 2. HP: 18/18 MP: 2/2
   711 | D:1      | Reached XP level 3. HP: 21/22 MP: 3/3
  1239 | D:2      | Reached skill level 4 in Unarmed Combat
  1724 | D:2      | Reached XP level 4. HP: 28/28 MP: 4/4
  1752 | D:2      | Noticed Terence
  1791 | D:2      | Killed Terence
  2261 | D:3      | Found an opulent altar of Gozag.
  2389 | D:3      | Reached XP level 5. HP: 30/32 MP: 5/5
  2481 | D:3      | Reached skill level 5 in Unarmed Combat
  2511 | D:3      | Found a faded altar of an unknown god.
  2893 | D:2      | Reached XP level 6. HP: 24/38 MP: 6/6
  3197 | D:2      | Reached skill level 6 in Unarmed Combat
  3516 | D:3      | Reached XP level 7. HP: 35/44 MP: 7/7
  3741 | D:2      | Reached skill level 5 in Fighting
  4109 | D:3      | Reached skill level 7 in Unarmed Combat
  4816 | D:4      | Reached XP level 8. HP: 45/51 MP: 8/8
  4897 | D:4      | Reached skill level 8 in Unarmed Combat
  5019 | D:4      | Noticed Grinder
  5037 | D:4      | Killed Grinder
  5606 | D:4      | Found a hide-covered altar of Uskayaw.
  5611 | D:4      | Found a stormy altar of Qazlal.
  5611 | D:4      | Found an ornate altar of the Wu Jian Council.
  5611 | D:4      | Found a sacrificial altar of Ru.
  5611 | D:4      | Found a sparkling altar of Nemelex Xobeh.
  5611 | D:4      | Found a basalt altar of Yredelemnul.
  5772 | D:5      | Entered Level 5 of the Dungeon
  5794 | D:5      | Found a shimmering altar of Xom.
  5968 | D:5      | Reached skill level 9 in Unarmed Combat
  6129 | D:5      | Found Velabb's Armour Boutique.
  6747 | D:6      | Found Tauh's Jewellery Boutique.
  6755 | D:6      | Bought an uncursed ring of protection from magic for 275
                  | gold pieces
  6776 | D:6      | Reached XP level 9. HP: 57/57 MP: 9/9
  6806 | D:6      | Found a blossoming altar of Fedhas.
  7256 | D:6      | Reached skill level 10 in Unarmed Combat
  7503 | D:7      | Slain by an orc warrior

Illustrated notes

Levels and vault maps discovered:
D:1:      minmay_arrival_stair_chambers, layout_loops_corners
D:2:      cheibrodos_old_hovel, layout_basic, st_stairs_11, uniq_terence
D:3:      lemuel_castle_with_subvaults [lemuel_castle_interior_original],
          layout_rooms, chequers_ecumenical_altar_simple,
          grunt_gozag_breadcrumbs
D:4:      layout_loops_ring, minitemple, first_ration, roderic_lattice_a,
          uniq_grinder
D:5:      layout_loops_cross, serial_shops, nicolae_shop_waterfront,
          xom_confusion_cloud
D:6:      layout_rooms, nicolae_overflow_crystal_walls, serial_shops, shop,
          water_maze_lemuel
D:7:      layout_basic, minmay_temple_entry_junction_2

Skill      XL: |  1  2  3  4  5  6  7  8  9 |
---------------+----------------------------+-----
Unarmed Combat | 4 5 6 7 9 10 | 10.2
Fighting       | 3 4 5 7 |  7.8
Throwing       | |  1.7
Dodging        | |  2.4

Action                   |  1- 3 |  4- 6 |  7- 9 || total
-------------------------+-------+-------+-------++-------
Melee: Unarmed           |   187 |   265 |   480 ||   932
       Punch             |     1 |     1 |     6 ||     8
  Use: Scroll            |       |     9 |     5 ||    14
  Eat: Chunk             |     3 |     6 |    13 ||    22
Armor: Leather armour    |    55 |       |       ||    55
       Plate armour      |    41 |   171 |   301 ||   513
Dodge: Dodged            |   101 |    91 |   113 ||   305
